 Dungeon Crawl Stone Soup version 0.23-a0-635-g88ca12a (webtiles) character file.

70 EvilAliv3 the Twirler (level 4, -5/34 HPs)
             Began as a Human Gladiator on Dec 27, 2018.
             Slain by a centaur
             ... wielding a +0 hand axe
              (6 damage)
             ... on level 2 of the Dungeon.
             The game lasted 00:08:41 (2321 turns).

EvilAliv3 the Twirler (Human Gladiator)             Turns: 2321, Time: 00:08:42

Health: -5/34      AC:  4    Str: 16    XL:     4   Next: 45%
Magic:  4/4        EV: 13    Int:  8    God:
Gold:   61         SH:  0    Dex: 14    Spells: 3/3 levels left

rFire    . . .     SeeInvis .   a - +0 quarterstaff
rCold    . . .     Gourm    .   (shield currently unavailable)
rNeg     . . .     Faith    .   i - +0 leather armour
rPois    .         Spirit   .   c - +0 helmet
rElec    .         Reflect  .   (no cloak)
rCorr    .         Harm     .   (no gloves)
MR       .....                  (no boots)
Stlth    +.........             (no amulet)
HPRegen  0.11/turn              (no ring)
MPRegen  0.09/turn              (no ring)

@: no status effects
A: no striking features
a: no special abilities


You were on level 2 of the Dungeon.
You were not hungry.

You visited 1 branch of the dungeon, and saw 3 of its levels.

You collected 61 gold pieces.

Inventory:

Hand Weapons
 a - a +0 quarterstaff (weapon)
 b - a +0 hunting sling
Missiles
 d - 4 throwing nets (quivered)
 h - 40 stones
Armour
 c - a +0 helmet (worn)
 i - a +0 leather armour (worn)
 o - a +0 plate armour
Scrolls
 e - 2 scrolls of identify {unknown}
 j - a scroll of noise {unknown}
 k - a scroll of magic mapping {unknown}
 l - a scroll of enchant armour {unknown}
Potions
 g - a potion of heal wounds {unknown}
 m - 4 potions of curing {unknown}
 n - a potion of lignification {unknown}
 p - a potion of agility {unknown}
Comestibles
 f - 3 rations


   Skills:
 + Level 2.9 Fighting
 * Level 4.4 Staves
 - Level 2.0 Throwing
 - Level 3.0 Dodging


You had 3 spell levels left.
You didn't know any spells.
Your spell library was empty.

Dungeon Overview and Level Annotations

Branches:
Dungeon (3/15)

Altars:
Elyvilon
Qazlal
Ru
Trog
Uskayaw


Message History

The centaur hits you but does no damage.
You sock the centaur!
The centaur is moderately wounded.
The centaur hits you with a +0 hand axe!
* * * LOW HITPOINT WARNING * * *
The centaur hits you with a +0 hand axe.
* * * LOW HITPOINT WARNING * * *
You barely miss the centaur.
The centaur is moderately wounded.
The centaur closely misses you.
You hit the centaur.
The centaur is heavily wounded.
The centaur hits you with a +0 hand axe.
* * * LOW HITPOINT WARNING * * *
The centaur hits you with a +0 hand axe.
* * * LOW HITPOINT WARNING * * *
You hit the centaur.
The centaur is severely wounded.
The centaur hits you with a +0 hand axe.
You die...

...............#.##.#............
#######...).....#..#.............
#..#÷###.#.##.#.....####.#.
#..#.##..#.##.#..##.# #.#.
#..)......#..#..###.# #.#.
##.#.###.#.##.#.# #.# #.#.
#.......#.# #........# #(# #.#.
##########.# #...#....###.####.#.
## ### #######.@c.......<.#...#.
_####8###⌠###8#..#....####.#.#.#.
###..........(...#....# #.#...#.
###.......(......#....####.##.##.
..........(.....##...............
###.#8###⌠###8####....#.##.######
###.###############'###.##.#
.............#.......##)##'#####
.........)...#.....).##........#


You could see a centaur.

Vanquished Creatures
  2 adders (D:2)
  An ooze (D:1)
  2 worms (D:2)
  2 leopard geckos
  3 bats (D:2)
  A giant cockroach (D:2)
  5 hobgoblins
  7 kobolds
  2 quokkas (D:2)
  3 frilled lizards (D:1)
  6 goblins
  4 rats
38 creatures vanquished.

Notes
Turn   | Place    | Note
-------+----------+-------------------------------------------
     0 | D:1      | EvilAliv3 the Human Gladiator began the quest for the Orb.
     0 | D:1      | Reached XP level 1. HP: 16/16 MP: 1/1
    73 | D:1      | Reached XP level 2. HP: 22/22 MP: 2/2
   547 | D:1      | Reached XP level 3. HP: 27/28 MP: 3/3
  1116 | D:2      | Found a faded altar of an unknown god.
  1171 | D:2      | Found a white marble altar of Elyvilon.
  1171 | D:2      | Found a stormy altar of Qazlal.
  1180 | D:2      | Found a sacrificial altar of Ru.
  1182 | D:2      | Found a hide-covered altar of Uskayaw.
  1184 | D:2      | Found a bloodstained altar of Trog.
  1195 | D:2      | Reached skill level 4 in Staves
  1335 | D:2      | Noticed a centaur
  1513 | D:2      | Reached XP level 4. HP: 26/34 MP: 4/4
  2320 | D:2      | HP: 1/34 [centaur/+0 hand axe (3)]
  2321 | D:2      | Slain by a centaur

Vault maps used:
D:1:      saegor_arrival_simple_d
D:2:      chequers_temple_overflow_minitemple, first_ration,
          chequers_ecumenical_altar_simple, serial_corexii_hall,
          corexii_hall_statues_x, corexii_hall_statues_i,
          chequers_hall_statues_corner_a, corexii_hall_statues_x,
          minmay_small_reverse_x
D:3:      corexii_shack_village

Skill      XL: |  1  2  3 |
---------------+----------+-----
Staves         | 4 |  4.4
Fighting       | |  2.9
Throwing       | |  2.0
Dodging        | |  3.0

Action                   |  1- 3 |  4- 6 || total
-------------------------+-------+-------++-------
Melee: Quarterstaff      |   111 |    44 ||   155
  Eat: Chunk             |     2 |     3 ||     5
Armor: Leather armour    |    26 |     8 ||    34
Dodge: Dodged            |    70 |    38 ||   108

Table legend:
 A = Non-vault XP
 B = Vault XP
 C = Vault XP percentage of total XP
 D = Non-vault monster count
 E = Vault monster count
 F = Vault count percentage of total count
                 A         B        C        D         E       F
            +---------+---------+-------+---------+---------+-------
      Total |      94 |       7 |   6.9 |      35 |       3 |   7.9
            +---------+---------+-------+---------+---------+-------
        D:1 |      33 |       0 |   0.0 |      17 |       0 |   0.0
        D:2 |      61 |       7 |  10.3 |      18 |       3 |  14.3
            +---------+---------+-------+---------+---------+-------
